 Dungeon Crawl Stone Soup version 0.28.0-45-g0d030f2227 (webtiles) character file.

Game seed: 14497289066181278337

1773 mortz the Destroyer (level 8, 0/41 HPs)
             Began as a Deep Elf Conjurer on Apr 19, 2022.
             Was an Initiate of Vehumet.
             Shot with a sling bullet by Joseph (9 damage)
             ... on level 7 of the Dungeon.
             The game lasted 00:44:29 (8230 turns).

mortz the Destroyer (Deep Elf Conjurer)             Turns: 8230, Time: 00:44:29

Health: 0/41       AC:  6    Str:  4    XL:     8   Next: 80%
Magic:  16/22      EV: 11    Int: 26    God:    Vehumet [......]
Gold:   250        SH:  3    Dex: 13    Spells: 17/23 levels left

rFire   + . .      SeeInvis .   w - +4 mace (protect) {mace}
rCold   . . .      Faith    .   q - +0 buckler
rNeg    . . .      Spirit   .   x - +2 leather armour {Will+}
rPois   .          Reflect  .   z - +0 helmet
rElec   .          Harm     .   (no cloak)
rCorr   .          Rampage  .   (no gloves)
Will    +....                   (no boots)
Stlth   ++........              (no amulet)
HPRegen 0.13/turn               i - ring of protection from fire
MPRegen 0.18/turn               (no ring)

@: no status effects
A: no striking features
a: Renounce Religion


You were on level 7 of the Dungeon.
You worshipped Vehumet.
Vehumet was noncommittal.
You visited 1 branch of the dungeon, and saw 7 of its levels.
You also visited: Ossuary.

You collected 250 gold pieces.


   Skills:
 + Level 0.1 Fighting
 + Level 2.7 Armour
 + Level 3.9 Dodging
 + Level 3.9 Stealth
 + Level 0.5 Shields
 + Level 8.0 Spellcasting
 * Level 9.2 Conjurations
 * Level 3.4 Translocations
 * Level 1.0 Earth Magic
 + Level 1.0 Evocations


You had 17 spell levels left.
You knew the following spells:

 Your Spells              Type           Power      Damage    Failure   Level
a - Magic Dart            Conj           100%       1d8       1%          1
b - Searing Ray           Conj           100%       2d8       1%          2
c - Stone Arrow           Conj/Erth      74%        3d11      4%          3

Your spell library contained the following spells:

 Spells                   Type           Power      Damage    Failure   Level
 Blink                    Tloc           56%        N/A       4%          2
 Dazzling Flash           Conj/Hex       68%        N/A       6%          3
 Iskenderun's Mystic Bla  Conj/Tloc      43%        2d10      10%         4
 Beastly Appendage        Tmut           20%        N/A       13%         1
 Wereblood                Tmut           10%        N/A       21%         2
 Portal Projectile        Hex/Tloc       38%        N/A       21%         3
 Fulminant Prism          Conj/Hex       17%        3d11      21%         4
 Inner Flame              Hex/Fire       10%        N/A       36%         3
 Spider Form              Tmut/Pois      10%        N/A       36%         3
 Manifold Assault         Tloc           28%        N/A       65%         5
 Animate Armour           Summ/Erth      26%        N/A       71%         4
 Cause Fear               Hex            5%         N/A       78%         4
 Blade Hands              Tmut           5%         N/A       98%         5
 Excruciating Wounds      Necr           5%         N/A       98%         5
 Storm Form               Tmut/Air       5%         N/A       100%        7
 Discord                  Hex            5%         N/A       100%        8
 Lehudib's Crystal Spear  Conj/Erth      18%        10d6      100%        8

Inventory:

Hand Weapons
 b - a +0 short sword {short}
   (You found it on level 1 of the Dungeon)
 f - a +0 war axe {axe}
   (You found it in an ossuary)
 w - a +4 mace of protection (weapon) {mace}
   (You found it on level 3 of the Dungeon)
 A - a +1 spear of venom {polearm}
   (You took it off a gnoll sergeant on level 7 of the Dungeon)
Missiles
 d - 25 poisoned darts {throwing}
 h - 2 boomerangs {throwing}
Armour
 q - a +0 buckler (worn)
   (You found it on level 3 of the Dungeon)
 x - a +2 leather armour of willpower (worn)
   (You found it on level 3 of the Dungeon)
 z - a +0 helmet (worn)
   (You found it on level 6 of the Dungeon)
Jewellery
 i - a ring of protection from fire (left hand)
   (You found it on level 2 of the Dungeon)
Wands
 l - a wand of flame (7)
   (You found it on level 5 of the Dungeon)
 t - a wand of charming (7)
   (You took it off a kobold on level 6 of the Dungeon)
 y - a wand of mindburst (7)
   (You found it on level 6 of the Dungeon)
Scrolls
 a - 3 scrolls of enchant weapon
 e - a scroll of identify {@r1}
 g - 5 scrolls of teleportation {@r4}
 m - 2 scrolls of fear
 u - a scroll of magic mapping {!r}
Potions
 c - a potion of berserk rage {!q}
 j - a potion of flight
 k - 3 potions of curing {@q1}
 n - a potion of might
 o - a potion of haste {@q3}
 p - 5 potions of heal wounds {unknown}
 r - a potion of mutation {!q}
 s - 2 potions of ambrosia
 v - a potion of degeneration {unknown}

Dungeon Overview and Level Annotations

Branches:
Dungeon (7/15)             Temple (0/1) D:6         Ossuary (visited)

Altars:
Fedhas
Ru
Vehumet

Annotations:
D:2 Sigmund
D:3 Grinder
D:7 Joseph

#############
.......@..@.#
###########.#
#.# ### #.#
... ##.###.#
##......#.#
#.........#
#....#.######
#.....##(#


You could see Joseph.


Message History

😮 MP[-1]
You lost 1 mp, and now have 13/21 mp.
The searing ray hits the gnoll.
You finish channelling your searing ray. 😮 MP[-1]
You lost 1 mp, and now have 12/21 mp.
Casting: Searing Ray (safe; 1% risk of failure)
Confirm with . or Enter, or press ? or * to list all spells.
Aiming: Searing Ray (safe; 1% risk of failure)
Press: ? - help, Shift-Dir - straight line, f - gnoll
Aim: a gnoll, wielding a +0 spear (moderately wounded, 85% to hit)
The searing ray hits the gnoll. (Press . to maintain the ray.) 😮 MP[-2]
You lost 2 mp, and now have 10/21 mp.
The searing ray hits the gnoll!
You kill the gnoll!
Vehumet accepts your kill.
Your Spellcasting skill increases to level 8! 😮 HP[+1] MP[-1]
You start resting. 😕 HP[+8] MP[+13]
You regained 8 hp, and now have 37/41 hp.
Your mp is fully restored (22).
You start resting. 😎 HP[+4]
Your hp is fully restored (41).
Items here: )) [ †.
A - a +1 spear of venom {polearm}
Things that are here:
a +0 whip {mace}; a gnoll corpse You see here a +0 whip {mace}.
You see here 9 stones {throwing}.
Joseph, a Mercenary comes into view.
He is wielding a +4 quarterstaff and carrying a wand of mindburst (13).
Joseph shouts!
Joseph unwields a +4 quarterstaff.
Joseph wields a +0 hunting sling.
Joseph shoots a sling bullet.
The sling bullet hits you! 😮 HP[-13]
You take 13 damage, and now have 28/41 hp.
MASSIVE DAMAGE!! (PAUSE) 😮 HP[+1] 😮 HP[+1]
Aiming: Mindburst
Press: ? - help, Q - select action, (/) - cycle Shift-Dir - straight line, f - Joseph
Aim: Joseph, wielding a +0 hunting sling, wearing a +0 leather armour, quivering sling bullets and carrying a wand of mindburst (13) (chance to affect: 51%) Joseph's mind is blasted!
Joseph zaps a wand.
You easily resist.
Aiming: Mindburst
Press: ? - help, Q - select action, (/) - cycle Shift-Dir - straight line, f/p - Joseph
Aim: Joseph, wielding a +0 hunting sling, wearing a +0 leather armour, quivering sling bullets and carrying a wand of mindburst (12) (moderately wounded, chance to affect: 51%) Joseph's mind is blasted!
Joseph shoots a sling bullet.
The sling bullet hits you!
* * * LOW HITPOINT WARNING * * *
😨 HP[-13]
You take 13 damage, and now have 17/41 hp.
MASSIVE DAMAGE!! (PAUSE)
Casting: Searing Ray (safe; 1% risk of failure)
Confirm with . or Enter, or press ? or * to list all spells.
Aiming: Searing Ray (safe; 1% risk of failure)
Press: ? - help, Shift-Dir - straight line, f/p - Joseph
Aim: Joseph, wielding a +0 hunting sling, wearing a +0 leather armour, quivering sling bullets and carrying a wand of mindburst (12) (heavily wounded, 83% to hit)
The searing ray hits Joseph! (Press . to maintain the ray.) Joseph screams, "One false step and I'll kill you."
Joseph zaps a wand.
Your mind is blasted!
* * * LOW HITPOINT WARNING * * *
😨 HP[-3] MP[-2]
You take 3 damage, and now have 14/41 hp.
You lost 2 mp, and now have 20/22 mp.
The searing ray hits Joseph but does no damage. 😨 MP[-1]
You lost 1 mp, and now have 19/22 mp.
The searing ray hits Joseph!
Joseph shoots a sling bullet.
You block the sling bullet. 😨 MP[-1]
You lost 1 mp, and now have 18/22 mp.
The searing ray misses Joseph.
You finish channelling your searing ray.
Joseph zaps a wand.
You easily resist. 😨 HP[+1] MP[-1]
You lost 1 mp, and now have 17/22 mp.
Casting: Searing Ray (safe; 1% risk of failure)
Confirm with . or Enter, or press ? or * to list all spells.
Aiming: Searing Ray (safe; 1% risk of failure)
Press: ? - help, Shift-Dir - straight line, f/p - Joseph
Aim: Joseph, wielding a +0 hunting sling, wearing a +0 leather armour, quivering sling bullets and carrying a wand of mindburst (10) (severely wounded, 83% to hit)
The searing ray hits Joseph! (Press . to maintain the ray.) Joseph says, "You will never get the ORB, sorry."
Joseph shoots a sling bullet.
The sling bullet hits you!
* * * LOW HITPOINT WARNING * * *
😱 HP[-11] MP[-1]
You take 11 damage, and now have 4/41 hp.
MASSIVE DAMAGE!! (PAUSE)
You lost 1 mp, and now have 16/22 mp.
You feel better.
Joseph shoots a sling bullet.
The sling bullet hits you!
You die...

Skill      XL: |  1  2  3  4  5  6  7  8 |
---------------+-------------------------+-----
Conjurations   | 5 6 7 8 9 |  9.2
Spellcasting   | 4 5 7 8 |  8.0
Dodging        | 3 |  3.9
Stealth        | 3 |  3.9
Armour         | 1 2 |  2.7
Translocations | 1 3 |  3.4
Evocations     | 1 |  1.0
Earth Magic    | 1 |  1.0
Fighting       | |  0.1
Shields        | |  0.5

Action                   |  1- 3 |  4- 6 |  7- 9 || total
-------------------------+-------+-------+-------++-------
Melee: Mace              |       |     9 |     3 ||    12
 Cast: Magic Dart        |    44 |   133 |    47 ||   224
       Searing Ray       |    10 |    38 |    39 ||    87
Evoke: Wand              |       |       |     5 ||     5
  Use: Scroll            |       |       |    15 ||    15
       Potion            |       |       |     1 ||     1
Armor: Leather armour    |       |    11 |    17 ||    28
Dodge: Dodged            |     1 |    18 |    29 ||    48
Block: Buckler           |       |     5 |     7 ||    12

Levels and vault maps discovered:
D:1:      enne_arrival_octagon_isle, layout_rooms,
          chequers_ecumenical_altar_twisty, grunt_decor_cap
D:2:      layout_basic, uniq_sigmund
D:3:      layout_basic, mainiacjoe_overflow_catwalk, serial_glass,
          glass_columns_b, glass_columns_a, mrwooster_statue_mirror,
          minmay_checkerbox, uniq_grinder
D:4:      layout_gridville, gup_ossuary_entry_pyramid
D:5:      layout_cave_pools, serial_glass, glass_columns_b, glass_columns_b
D:6:      layout_basic, mainiacjoe_overflow_large_starburst,
          minmay_temple_entry_proselytizer, serial_glass, glass_columns_b,
          glass_columns_a, kennysheep_cluttered_room, minmay_misc_feat_rows,
          grunt_ministairs_3
D:7:      layout_rooms, serial_shops, nicolae_square_shop,
          minmay_misc_feat_nine_boxes, grunt_ministairs_8, uniq_joseph,
          uniq_menkaure

Notes
Turn   | Place    | Note
-------+----------+-------------------------------------------
     0 | D:1      | mortz the Deep Elf Conjurer began the quest for the Orb.
     0 | D:1      | Reached XP level 1. HP: 10/10 MP: 6/6
     0 | D:1      | magus.rc [v1.9.6]
   196 | D:1      | Reached XP level 2. HP: 15/15 MP: 6/8
   199 | D:1      | Learned a level 2 spell: Searing Ray
   374 | D:1      | Reached skill level 5 in Conjurations
   468 | D:1      | Found a faded altar of an unknown god.
   584 | D:2      | Noticed Sigmund
   662 | D:2      | Reached XP level 3. HP: 19/19 MP: 5/9
  1191 | D:2      | Reached XP level 4. HP: 24/24 MP: 9/11
  1892 | D:3      | Found a sacrificial altar of Ru.
  1923 | D:3      | You pick up a book of Weapons and begin reading...
  1923 | D:3      | You add the spells Portal Projectile, Excruciating Wounds
                  | and Blade Hands to your library.
  2023 | D:3      | Reached skill level 6 in Conjurations
  2060 | D:3      | Noticed Grinder
  2072 | D:3      | You add the spells Blink, Manifold Assault and Storm Form
                  | to your library.
  2148 | D:3      | You pick up a book of Hexes and begin reading...
  2148 | D:3      | You add the spells Inner Flame, Cause Fear and Discord to
                  | your library.
  2415 | D:3      | You pick up a book of Changes and begin reading...
  2415 | D:3      | You add the spells Beastly Appendage, Wereblood and Spider
                  | Form to your library.
  2492 | D:3      | Reached XP level 5. HP: 28/28 MP: 4/12
  2518 | D:3      | Reached skill level 4 in Spellcasting
  3162 | D:4      | Reached skill level 3 in Dodging
  3219 | D:4      | Reached skill level 3 in Stealth
  3445 | D:4      | Reached XP level 6. HP: 32/32 MP: 0/15
  3448 | D:4      | Found a sand-covered staircase.
  3454 | Ossuary  | Entered an ossuary
  4019 | Ossuary  | Reached skill level 7 in Conjurations
  4310 | Ossuary  | Reached skill level 5 in Spellcasting
  4649 | Ossuary  | magus.rc [v1.9.6]
  4855 | D:4      | Reached XP level 7. HP: 34/36 MP: 9/17
  5491 | D:5      | Entered Level 5 of the Dungeon
  5491 | D:5      | Noticed a wraith
  5652 | D:5      | Reached skill level 6 in Spellcasting
  5715 | D:4      | HP: 6/36 [wraith (9)]
  5717 | D:4      | Killed a wraith
  5718 | D:4      | Reached skill level 8 in Conjurations
  6092 | D:5      | Reached skill level 1 in Armour
  6092 | D:5      | Reached skill level 1 in Translocations
  6692 | D:6      | Found a radiant altar of Vehumet.
  6698 | D:6      | Became a worshipper of Vehumet
  6789 | D:6      | Reached skill level 7 in Spellcasting
  6789 | D:6      | Reached XP level 8. HP: 41/41 MP: 10/20
  6797 | D:6      | Reached skill level 2 in Translocations
  6915 | D:6      | Found a blossoming altar of Fedhas.
  6976 | D:6      | Reached skill level 2 in Armour
  7402 | D:6      | Found a staircase to the Ecumenical Temple.
  7403 | D:6      | magus.rc [v1.9.6]
  7605 | D:6      | Reached skill level 9 in Conjurations
  7605 | D:6      | Reached skill level 1 in Evocations
  7837 | D:6      | You pick up a book of Armaments and begin reading...
  7837 | D:6      | You add the spells Stone Arrow, Animate Armour and
                  | Lehudib's Crystal Spear to your library.
  7842 | D:6      | Learned a level 3 spell: Stone Arrow
  8016 | D:7      | Reached skill level 1 in Earth Magic
  8102 | D:7      | Reached skill level 3 in Translocations
  8106 | D:7      | Reached skill level 8 in Spellcasting
  8211 | D:7      | Noticed Joseph
  8229 | D:7      | HP: 4/41 [Joseph/sling bullet (11)]
  8230 | D:7      | Shot with a sling bullet by Joseph

Vanquished Creatures
  A wraith (D:4)
  A sky beast (D:6)
  3 ice beasts (D:6)
  A necrophage (D:5)
  A kobold brigand (D:6)
  A bullfrog (D:6)
  An elf zombie (Ossuary)
  A gnoll sergeant (D:7)
  2 howler monkeys (D:5)
  A bullfrog zombie (D:7)
  2 centaur zombies
  2 human zombies (Ossuary)
  2 orc priests
  A bullfrog skeleton (D:4)
  A centaur skeleton (D:7)
  3 hounds
  2 iguanas
  An orc wizard (D:5)
  A killer bee zombie (D:6)
  3 mummies
  10 gnolls
  8 adders
  A white imp (D:6)
  An ufetubus (D:4)
  An adder skeleton (D:4)
  2 worms
  6 dart slugs
  17 orcs
  6 ball pythons
  6 endoplasms
  2 giant cockroaches
  4 goblins
  6 hobgoblins
  6 jackals
  3 quokkas
  2 bats
  3 frilled lizards
  4 goblin zombies (Ossuary)
  15 hobgoblin zombies (Ossuary)
  10 kobolds
  10 kobold zombies (Ossuary)
  2 orc zombies (Ossuary)
  6 rats
  2 rat zombies (Ossuary)
164 creatures vanquished.

Table legend:
 A = Non-vault XP
 B = Vault XP
 C = Vault XP percentage of total XP
 D = Non-vault monster count
 E = Vault monster count
 F = Vault count percentage of total count
                 A         B        C        D         E       F
            +---------+---------+-------+---------+---------+-------
      Total |    2094 |     439 |  17.3 |     115 |      49 |  29.9
            +---------+---------+-------+---------+---------+-------
        D:1 |      27 |       0 |   0.0 |      16 |       0 |   0.0
        D:2 |      86 |       0 |   0.0 |      24 |       0 |   0.0
        D:3 |     105 |      21 |  16.7 |      18 |       4 |  18.2
        D:4 |     450 |      16 |   3.4 |      31 |       1 |   3.1
        D:5 |     366 |       0 |   0.0 |       7 |       0 |   0.0
        D:6 |     796 |     147 |  15.6 |      12 |       6 |  33.3
        D:7 |     264 |       0 |   0.0 |       7 |       0 |   0.0
    Ossuary |       0 |     255 | 100.0 |       0 |      38 | 100.0
            +---------+---------+-------+---------+---------+-------

Illustrated notes

Table legend:
 A = Kills in this place as a percentage of kills in entire the game.
 B = Kills by you in this place as a percentage of kills by you in the entire game.
 C = Kills by friends in this place as a percentage of kills by friends in the entire game.
 D = Other kills in this place as a percentage of other kills in the entire game.
 E = Experience gained in this place as a percentage of experience gained in the entire game.
 F = Experience gained in this place divided by the number of levels of this place that you have seen.
                   A       B       C       D       E      F
               +-------+-------+-------+-------+-------+----------------------
         Total | 100.0 | 100.0 |   N/A |   N/A | 100.0 | 316.6
       Dungeon |  76.8 |  76.8 |   N/A |   N/A |  89.9 | 325.4
       Ossuary |  23.2 |  23.2 |   N/A |   N/A |  10.1 | 255.0
               +-------+-------+-------+-------+-------+----------------------

Table legend: (Time is in decaauts)
 A = Elapsed time spent in this place.
 B = Non-inter-level travel time spent in this place.
 C = Inter-level travel time spent in this place.
 D = Time resting spent in this place.
 E = Time spent auto-exploring this place.
 F = Levels seen in this place.
 G = Mean time per level.
                   A        B        C        D        E       F      G
               +--------+--------+--------+--------+--------+-----+--------+
         Total |   8238 |   7979 |    259 |   1646 |   5049 |   8 | 1029.8 |
       Dungeon |   7033 |   6774 |    259 |    922 |   5013 |   7 | 1004.7 |
       Ossuary |   1205 |   1205 |      0 |    724 |     36 |   1 | 1205.0 |
               +--------+--------+--------+--------+--------+-----+--------+

Top non-repeatable levels by time:
     D:4: 1782 daAuts
     D:6: 1391 daAuts
 Ossuary: 1205 daAuts
     D:3: 1173 daAuts
     D:2: 1134 daAuts
     D:5: 691 daAuts
     D:1: 618 daAuts
     D:7: 241 daAuts
